PAAA
TORTOLITA DRUMMERS @ CALGARY LYNX
07/19/2024
 
TOP OF THE 1ST
Tortolita Drummers batting - Pitching for Calgary Lynx : LHP Elroy Gardner
Pitching: LHP Elroy Gardner
Batting: LHB Nobuo Yamashita 0-0: Ball
1-0: Foul Ball, location: 2F
1-1: Fly out, F3 (Popup, 34S)
Batting: SHB Dan Godwin 0-0: SINGLE (Groundball, 4MD)
Batting: SHB Mauro López 0-0: Called Strike
0-1: Ball
1-1: Fly out, F8 (Flyball, 89M)
Batting: LHB Pedro Willis 0-0: Ground out 4-3 (Groundball, 4)
Top of the 1st over - 0 run(s), 1 hit(s), 0 error(s), 1 left on base; Tortolita 0 - Calgary 0
BOTTOM OF THE 1ST
Calgary Lynx batting - Pitching for Tortolita Drummers : RHP Michael Logan
Pitching: RHP Michael Logan
Batting: RHB Álex Estrada 0-0: Ball
1-0: Fly out, F4 (Popup, 34D)
Batting: RHB David Ramírez 0-0: Called Strike
0-1: Foul Ball, location: 2F
0-2: Ball
1-2: Foul Ball, location: 2F
1-2: SINGLE (Line Drive, 8RS)
Batting: LHB Thomas Campbell 0-0: Called Strike
0-1: Ball
David Ramírez steals 2nd base
1-1: Ball
2-1: Swinging Strike
2-2: Strikes out swinging
Batting: RHB Hieu De 0-0: Ball
1-0: Ground out 3-1 (Groundball, 34)
Bottom of the 1st over - 0 run(s), 1 hit(s), 0 error(s), 1 left on base; Tortolita 0 - Calgary 0
TOP OF THE 2ND
Tortolita Drummers batting - Pitching for Calgary Lynx : LHP Elroy Gardner
Batting: RHB Bill Taylor 0-0: Called Strike
0-1: Ball
1-1: Swinging Strike
1-2: Foul Ball, location: 2F
1-2: Ball
2-2: DOUBLE (Groundball, 5L)
Batting: SHB Juan Blanco 0-0: Foul Ball, location: 2F
0-1: Ball
1-1: Foul Ball, location: 2F
1-2: Ball
2-2: Ground out 5-3 (Groundball, 56S)
Bill Taylor to third
Batting: RHB Robby Thomas 0-0: Ball
1-0: Swinging Strike
1-1: Foul Ball, location: 2F
1-2: Strikes out swinging
Batting: LHB Bill Burgess 0-0: Called Strike
0-1: Ball
1-1: Ground out 6-3 (Groundball, 6M)
Top of the 2nd over - 0 run(s), 1 hit(s), 0 error(s), 1 left on base; Tortolita 0 - Calgary 0
BOTTOM OF THE 2ND
Calgary Lynx batting - Pitching for Tortolita Drummers : RHP Michael Logan
Batting: RHB Darren Tomlinson 0-0: Called Strike
0-1: Ball
1-1: Swinging Strike
1-2: Ball
2-2: Foul Ball, location: 2F
2-2: SINGLE (Groundball, 6)
Batting: LHB Sébastien Rolland 0-0: Called Strike
0-1: Foul Ball, location: 2F
0-2: Fly out, F7 (Line Drive, 7M)
Batting: RHB Joe Chase 0-0: Ball
1-0: Ball
2-0: Grounds into double play, U6-3 (Groundball, 6M)
Bottom of the 2nd over - 0 run(s), 1 hit(s), 0 error(s), 0 left on base; Tortolita 0 - Calgary 0
TOP OF THE 3RD
Tortolita Drummers batting - Pitching for Calgary Lynx : LHP Elroy Gardner
Batting: RHB Kevin Sanderson 0-0: Called Strike
0-1: Swinging Strike
0-2: Foul Ball, location: 2F
0-2: Ball
1-2: Foul Ball, location: 2F
1-2: Foul Ball, location: 2F
1-2: Strikes out looking
Batting: LHB Nobuo Yamashita 0-0: Ground out 4-3 (Groundball, 34S)
Batting: SHB Dan Godwin 0-0: Ball
1-0: Called Strike
1-1: Fly out, F9 (Flyball, 9M)
Top of the 3rd over - 0 run(s), 0 hit(s), 0 error(s), 0 left on base; Tortolita 0 - Calgary 0
BOTTOM OF THE 3RD
Calgary Lynx batting - Pitching for Tortolita Drummers : RHP Michael Logan
Batting: RHB Dusty Childress 0-0: Ball
1-0: Called Strike
1-1: Ball
2-1: Ball
3-1: Base on Balls
Batting: RHB Chris Woodruff 0-0: Swinging Strike
0-1: Ball
1-1: Foul Ball, location: 2F
1-2: Ball
2-2: Foul Ball, location: 2F
2-2: Ball
3-2: Strikes out swinging
Batting: RHB Álex Estrada 0-0: Ball
1-0: Called Strike
1-1: SINGLE (Line Drive, 4M)
Dusty Childress to second
Batting: RHB David Ramírez 0-0: Called Strike
0-1: Foul Ball, location: 2F
0-2: Ball
1-2: Ball
2-2: Ball
3-2: Fly out, F8 (Flyball, 8RM)
Batting: LHB Thomas Campbell 0-0: Swinging Strike
0-1: Ball
1-1: Foul Ball, location: 2F
1-2: Strikes out swinging
Bottom of the 3rd over - 0 run(s), 1 hit(s), 0 error(s), 2 left on base; Tortolita 0 - Calgary 0
TOP OF THE 4TH
Tortolita Drummers batting - Pitching for Calgary Lynx : LHP Elroy Gardner
Batting: SHB Mauro López 0-0: Ball
1-0: Ball
2-0: Foul Ball, location: 2F
2-1: Ball
3-1: Base on Balls
Batting: LHB Pedro Willis 0-0: Ball
1-0: Called Strike
1-1: Ball
2-1: Fly out, F7 (Flyball, 7M)
Batting: RHB Bill Taylor 0-0: Called Strike
0-1: Ball
1-1: Ball
2-1: DOUBLE (Groundball, 5L)
Mauro López to third
Batting: SHB Juan Blanco 0-0: Ball
1-0: Called Strike
1-1: Swinging Strike
1-2: Fly out, F8 (Flyball, 8LM)
Runner from 3rd tags up, SCORES, no throw
Batting: RHB Robby Thomas 0-0: Ball
1-0: Called Strike
1-1: Foul Ball, location: 2F
1-2: Strikes out swinging
Top of the 4th over - 1 run(s), 1 hit(s), 0 error(s), 1 left on base; Tortolita 1 - Calgary 0
BOTTOM OF THE 4TH
Calgary Lynx batting - Pitching for Tortolita Drummers : RHP Michael Logan
Batting: RHB Hieu De 0-0: SINGLE (Groundball, 6D)
Batting: RHB Darren Tomlinson 0-0: Ball
1-0: Ball
2-0: Grounds into double play, U6-3 (Groundball, 6)
Batting: LHB Sébastien Rolland 0-0: Foul Ball, location: 2F
0-1: Foul Ball, location: 2F
0-2: Strikes out swinging
Bottom of the 4th over - 0 run(s), 1 hit(s), 0 error(s), 0 left on base; Tortolita 1 - Calgary 0
TOP OF THE 5TH
Tortolita Drummers batting - Pitching for Calgary Lynx : LHP Elroy Gardner
Batting: LHB Bill Burgess 0-0: Ball
1-0: Fly out, F8 (Flyball, 8LM)
Batting: RHB Kevin Sanderson 0-0: Called Strike
0-1: Ball
1-1: SINGLE (Line Drive, 9LS)
Batting: LHB Nobuo Yamashita 0-0: Ball
1-0: DOUBLE (Line Drive, 9LS)
Kevin Sanderson to third
Batting: SHB Dan Godwin 0-0: Called Strike
0-1: Foul Ball, location: 2F
0-2: Ball
1-2: Foul Ball, location: 2F
1-2: SINGLE (Line Drive, 78S)
Kevin Sanderson scores
Nobuo Yamashita to third
Runner from 3rd tries for Home, SAFE, no throw or cutoff
Batting: SHB Mauro López 0-0: Called Strike
0-1: DOUBLE (Flyball, 8LXD)
Dan Godwin to third
Runner from 3rd tries for Home, SAFE, throw made at trailing runner, SAFE at third!
Batting: LHB Pedro Willis 0-0: Foul Ball, location: 2F
0-1: Foul Ball, location: 2F
0-2: Foul Ball, location: 2F
0-2: Ground out U3 (Groundball, 3)
Batting: RHB Bill Taylor 0-0: Called Strike
0-1: Ball
1-1: Foul Ball, location: 2F
1-2: Foul Ball, location: 2F
1-2: Ball
2-2: Fly out, F8 (Flyball, 8RM)
Top of the 5th over - 3 run(s), 4 hit(s), 0 error(s), 1 left on base; Tortolita 4 - Calgary 0
BOTTOM OF THE 5TH
Calgary Lynx batting - Pitching for Tortolita Drummers : RHP Michael Logan
Batting: RHB Joe Chase 0-0: Foul Ball, location: 2F
0-1: Called Strike
0-2: Strikes out swinging
Batting: RHB Dusty Childress 0-0: SINGLE (Groundball, 5D)
Batting: RHB Chris Woodruff 0-0: Swinging Strike
0-1: Called Strike
0-2: SINGLE (Groundball, 34)
Dusty Childress to second
Runner from 2nd tries for 3rd, SAFE, no throw or cutoff
Batting: RHB Álex Estrada 0-0: Called Strike
0-1: Ball
1-1: Ball
Chris Woodruff steals 2nd base
2-1: Ground out 5-3 (Groundball, 5S)
Batting: RHB David Ramírez 0-0: Foul Ball, location: 2F
0-1: Ground out 6-3 (Groundball, 6)
Bottom of the 5th over - 0 run(s), 2 hit(s), 0 error(s), 2 left on base; Tortolita 4 - Calgary 0
TOP OF THE 6TH
Tortolita Drummers batting - Pitching for Calgary Lynx : LHP Elroy Gardner
Batting: SHB Juan Blanco 0-0: Ball
1-0: Called Strike
1-1: Foul Ball, location: 2F
1-2: Ground out 5-3 (Groundball, 5)
Batting: RHB Robby Thomas 0-0: Ground out 5-3 (Groundball, 56)
Batting: LHB Bill Burgess 0-0: Swinging Strike
0-1: Called Strike
0-2: SINGLE (Groundball, 56)
Batting: RHB Kevin Sanderson 0-0: Called Strike
0-1: Swinging Strike
0-2: Ball
1-2: Ball
2-2: Strikes out swinging
Top of the 6th over - 0 run(s), 1 hit(s), 0 error(s), 1 left on base; Tortolita 4 - Calgary 0
BOTTOM OF THE 6TH
Calgary Lynx batting - Pitching for Tortolita Drummers : RHP Michael Logan
Batting: LHB Thomas Campbell 0-0: Ground out 4-3 (Groundball, 4)
Batting: RHB Hieu De 0-0: Called Strike
0-1: Called Strike
0-2: Ball
1-2: Foul Ball, location: 2F
1-2: Reached on error, E5 (Groundball, 5)
Batting: RHB Darren Tomlinson 0-0: Ball
1-0: SINGLE (Groundball, 5L)
Hieu De to second
Batting: LHB Sébastien Rolland 0-0: Called Strike
0-1: Foul Ball, location: 2F
0-2: Ball
1-2: Ball
2-2: Ball
3-2: Base on Balls
Hieu De to third
Darren Tomlinson to second
Batting: RHB Joe Chase 0-0: SINGLE (Groundball, 34D)
Hieu De scores
Darren Tomlinson to third
Sébastien Rolland to second
Runner from 3rd tries for Home, SAFE, no throw or cutoff
Batting: RHB Dusty Childress 0-0: Ball
1-0: Foul Ball, location: 2F
1-1: Foul Ball, location: 2F
1-2: Ground out 3-1 (Groundball, 34)
Sébastien Rolland to third
Joe Chase to second
Batting: RHB Chris Woodruff 0-0: Foul Ball, location: 2F
0-1: Ball
1-1: Ball
2-1: Fly out, F6 (Popup, 6MD)
Bottom of the 6th over - 2 run(s), 2 hit(s), 1 error(s), 2 left on base; Tortolita 4 - Calgary 2
TOP OF THE 7TH
Tortolita Drummers batting - Pitching for Calgary Lynx : LHP Elroy Gardner
Batting: LHB Nobuo Yamashita 0-0: Ball
1-0: Ball
2-0: Called Strike
2-1: Ground out 1-3 (Groundball, 13)
Batting: SHB Dan Godwin 0-0: Ground out 6-3 (Groundball, 6M)
Batting: SHB Mauro López 0-0: Ball
1-0: Foul Ball, location: 2F
1-1: Fly out, F7 (Flyball, 7D)
Top of the 7th over - 0 run(s), 0 hit(s), 0 error(s), 0 left on base; Tortolita 4 - Calgary 2
BOTTOM OF THE 7TH
Calgary Lynx batting - Pitching for Tortolita Drummers : RHP Michael Logan
Batting: RHB Álex Estrada 0-0: Ball
1-0: Ball
2-0: SINGLE (Groundball, 4MD)
Batting: RHB David Ramírez 0-0: Ball
Álex Estrada is caught stealing 2nd base
1-0: Swinging Strike
1-1: Ball
2-1: Ball
3-1: Base on Balls
Batting: LHB Thomas Campbell 0-0: Foul Ball, location: 2F
0-1: Ball
1-1: SINGLE (Line Drive, 4D)
David Ramírez to second
Runner from 2nd tries for 3rd, SAFE, no throw or cutoff
Pitching: RHP Curt Pennington
Pinch Hitting: LHB Rufo Flores 0-0: Ball
1-0: Ball
2-0: Ball
3-0: Base on Balls
Thomas Campbell to second
Batting: RHB Darren Tomlinson 0-0: Foul Ball, location: 2F
0-1: Called Strike
0-2: Ball
1-2: Ball
2-2: Ball
3-2: Fly out, F8 (Line Drive, 8LM)
Runner from 3rd tags up, SCORES, throw made
Batting: LHB Sébastien Rolland 0-0: Ball
1-0: SINGLE (Line Drive, 6)
Thomas Campbell to third
Rufo Flores to second
Runner from 3rd tries for Home, SAFE, no throw or cutoff
Batting: RHB Joe Chase 0-0: Called Strike
0-1: Swinging Strike
0-2: Fly out, F8 (Flyball, 8RM)
Bottom of the 7th over - 2 run(s), 3 hit(s), 0 error(s), 2 left on base; Tortolita 4 - Calgary 4
TOP OF THE 8TH
Tortolita Drummers batting - Pitching for Calgary Lynx : LHP Elroy Gardner
Pitching: LHP Chang-soo Kim
Now in RF: Rufo Flores
Pinch Hitting: RHB Stephen Blair 0-0: Ball
1-0: Foul Ball, location: 2F
1-1: Ball
2-1: Called Strike
2-2: Ball
3-2: Base on Balls
Batting: RHB Bill Taylor 0-0: Ball
1-0: Called Strike
1-1: Ball
2-1: Ball
3-1: Foul Ball, location: 2F
3-2: Base on Balls
Stephen Blair to second
Batting: SHB Juan Blanco 0-0: Fielders Choice at 2nd, 1-6 (Groundball, 13S)
Stephen Blair to third
Batting: RHB Robby Thomas 0-0: Ball
1-0: Foul Ball, location: 2F
1-1: Foul Ball, location: 2F
1-2: Strikes out swinging
Pinch Hitting: RHB Jim Unknown 0-0: Called Strike
0-1: Ball
1-1: Foul Ball, location: 2F
1-2: Foul Ball, location: 2F
1-2: Foul Ball, location: 2F
1-2: Ball
2-2: Foul Ball, location: 2F
2-2: Ground out U3 (Groundball, 3S)
Top of the 8th over - 0 run(s), 0 hit(s), 0 error(s), 2 left on base; Tortolita 4 - Calgary 4
BOTTOM OF THE 8TH
Calgary Lynx batting - Pitching for Tortolita Drummers : RHP Curt Pennington
Now at 3B: Jorge Féliz
Now in RF: Stephen Blair
Pinch Hitting: LHB Luis Rodríguez 0-0: Called Strike
0-1: Ball
1-1: Swinging Strike
1-2: Foul Ball, location: 2F
1-2: Ball
2-2: Ball
3-2: DOUBLE (Line Drive, 5)
Batting: RHB Chris Woodruff 0-0: Ball
1-0: Ball
2-0: Ball
3-0: Called Strike
3-1: Base on Balls
Batting: RHB Álex Estrada 0-0: Called Strike
0-1: Grounds into double play, 6-4-3 (Groundball, 6)
Luis Rodríguez to third
Batting: RHB David Ramírez 0-0: Ball
1-0: Ground out 3-1 (Groundball, 34)
Bottom of the 8th over - 0 run(s), 1 hit(s), 0 error(s), 1 left on base; Tortolita 4 - Calgary 4
TOP OF THE 9TH
Tortolita Drummers batting - Pitching for Calgary Lynx : LHP Chang-soo Kim
Pitching: RHP Jim Atkinson
Now in CF: John Huff
Pinch Hitting: LHB Peter Paul 0-0: Ball
1-0: Ball
2-0: Called Strike
2-1: Ball
3-1: Ground out 4-3 (Groundball, 4M)
Batting: LHB Nobuo Yamashita 0-0: Called Strike
0-1: Ball
1-1: Swinging Strike
1-2: Ground out 1-3 (Groundball, 15S)
Batting: SHB Dan Godwin 0-0: SINGLE (Groundball, 34D)
Pinch Hitting: LHB Mitchell Hansen 0-0: Ball
1-0: Foul Ball, location: 2F
1-1: Foul Ball, location: 2F
1-2: Foul Ball, location: 2F
1-2: Fielders Choice at 2nd, U4 (Groundball, 4M)
Top of the 9th over - 0 run(s), 1 hit(s), 0 error(s), 1 left on base; Tortolita 4 - Calgary 4
BOTTOM OF THE 9TH
Calgary Lynx batting - Pitching for Tortolita Drummers : RHP Curt Pennington
Now at 1B: Peter Paul
Now in LF: Jim Unknown
Batting: LHB Thomas Campbell 0-0: Ball
1-0: Ball
2-0: Swinging Strike
2-1: Foul Ball, location: 2F
2-2: Foul Ball, location: 2F
2-2: Ball
3-2: Foul Ball, location: 2F
3-2: Foul Ball, location: 2F
3-2: Base on Balls
Batting: LHB Rufo Flores 0-0: Ball
1-0: Ball
2-0: Grounds into double play, 3-6-3 (Groundball, 3)
Batting: RHB Darren Tomlinson 0-0: Ball
1-0: SINGLE (Groundball, 6M)
Batting: LHB Sébastien Rolland 0-0: Ball
1-0: Ground out 4-3 (Groundball, 13)
Bottom of the 9th over - 0 run(s), 1 hit(s), 0 error(s), 1 left on base; Tortolita 4 - Calgary 4
TOP OF THE 10TH
Tortolita Drummers batting - Pitching for Calgary Lynx : RHP Jim Atkinson
Batting: RHB Stephen Blair 0-0: Ball
1-0: Ball
2-0: Ball
3-0: Base on Balls
Batting: RHB Bill Taylor 0-0: Fielders Choice at 2nd, 1-4 (Groundball, 15)
Batting: SHB Juan Blanco 0-0: Ball
Bill Taylor steals 2nd base
1-0: Called Strike
1-1: Fly out, F7 (Flyball, 7LM)
Batting: RHB Robby Thomas 0-0: Foul Ball, location: 2F
0-1: Swinging Strike
0-2: Ball
1-2: Foul Ball, location: 2F
1-2: Ball
2-2: Ground out 5-3 (Groundball, 56)
Top of the 10th over - 0 run(s), 0 hit(s), 0 error(s), 1 left on base; Tortolita 4 - Calgary 4
BOTTOM OF THE 10TH
Calgary Lynx batting - Pitching for Tortolita Drummers : RHP Curt Pennington
Batting: RHB Joe Chase 0-0: Ground out 1-3 (Groundball, 25)
Batting: RHB John Huff 0-0: Ball
1-0: Ground out 4-3 (Groundball, 4M)
Batting: RHB Chris Woodruff 0-0: Ground out 1-3 (Groundball, 15)
Bottom of the 10th over - 0 run(s), 0 hit(s), 0 error(s), 0 left on base; Tortolita 4 - Calgary 4
TOP OF THE 11TH
Tortolita Drummers batting - Pitching for Calgary Lynx : RHP Jim Atkinson
Pitching: LHP Alonso García
Batting: RHB Jorge Féliz 0-0: SINGLE (Line Drive, 7S)
Batting: LHB Peter Paul 0-0: Sac Bunt - play at first, batter OUT! 1-4
Jorge Féliz to second
Batting: LHB Nobuo Yamashita 0-0: Called Strike
0-1: Ball
1-1: SINGLE (Groundball, 56D)
Jorge Féliz to third
Runner from 3rd tries for Home, SAFE, no throw or cutoff
Batting: SHB Dan Godwin 0-0: Fly out, F2 (Popup, 23F)
Batting: RHB Jim Unknown 0-0: Fly out, F9 (Flyball, 9LM)
Top of the 11th over - 1 run(s), 2 hit(s), 0 error(s), 1 left on base; Tortolita 5 - Calgary 4
BOTTOM OF THE 11TH
Calgary Lynx batting - Pitching for Tortolita Drummers : RHP Curt Pennington
Pitching: RHP Lou Lowry
Now at C: Raúl Andrade
Now at SS: Gonzalo Féliz
Batting: RHB Álex Estrada 0-0: Swinging Strike
0-1: Called Strike
0-2: Strikes out looking
Batting: RHB David Ramírez 0-0: Ground out 6-3 (Groundball, 6M)
Batting: LHB Thomas Campbell 0-0: Ball
1-0: Ball
2-0: Swinging Strike
2-1: Ball
3-1: Called Strike
3-2: SINGLE (Groundball, 34)
Batting: LHB Rufo Flores 0-0: Ball
1-0: Fielders Choice at 2nd, 6-4 (Groundball, 6)
Bottom of the 11th over - 0 run(s), 1 hit(s), 0 error(s), 0 left on base; Tortolita 5 - Calgary 4
This league is powered by Out of the Park Baseball, the baseball management simulation game for PC, Mac and Linux
Monday, October 3rd, 2016 - OOTP Baseball 16.9 Build 39